 Dungeon Crawl Stone Soup version 0.31.0-10-gcf4a605ca0 (webtiles) character file.

Game seed: 8167415756100327813

3813 Amaterasu the Caller (level 10, -1/55 (59) HPs)
             Began as a Tengu Summoner on Jan 25, 2024.
             Was an Initiate of Yredelemnul.
             Slain by a wight
             ... wielding a +5 spear
              (2 damage)
             ... on level 7 of the Dungeon.
             The game lasted 00:31:05 (6039 turns).

Amaterasu the Caller (Tengu Summoner)               Turns: 6039, Time: 00:31:07

HP:   -1/55 (59)    AC:  6    Str: 15    XL:     10   Next: 17%
MP:   14/17         EV: 17    Int: 20    God:    Yredelemnul [......]
Gold: 312           SH:  0    Dex: 14    Spells: 7/17 levels left

rFire   . . .        m - +0 trident
rCold   . . .        (no shield)
rNeg    . . .        f - +0 leather armour
rPois   .            (helmet restricted)
rElec   .            (no cloak)
rCorr   .            o - +2 pair of gloves
SInv    .            (boots unavailable)
Will    .....        (no amulet)
Stlth   ++           a - +6 ring of strength
HPRegen 0.29/turn    (no ring)
MPRegen 0.15/turn

%: acrobat
@: unable to call your familiar, flying, drained
A: beak, talons 3, evasive flight, acrobatic
a: Renounce Religion, Recall Undead Harvest


You were on level 7 of the Dungeon.
You worshipped Yredelemnul.
Yredelemnul was noncommittal.
You visited 2 branches of the dungeon, and saw 8 of its levels.

You collected 312 gold pieces.

Inventory:

Hand Weapons
 m - a +0 trident (weapon)
Armour
 f - a +0 leather armour (worn)
 o - a +2 pair of gloves (worn)
Jewellery
 a - a +6 ring of strength (left hand)
Wands
 i - a wand of charming (3)
 l - a wand of polymorph (10)
 q - a wand of mindburst (13)
Scrolls
 p - a scroll of blinking {unknown}
 r - a scroll of teleportation
 t - a scroll of fog {unknown}
 u - a scroll of identify
Potions
 b - a potion of magic
 c - a potion of enlightenment
 d - a potion of heal wounds
 e - 5 potions of curing
 g - 2 potions of haste {unknown}
 h - 3 potions of lignification {unknown}
 j - a potion of attraction {unknown}
 k - a potion of might {unknown}
 n - a potion of cancellation {unknown}
 s - 2 potions of degeneration {unknown}
 v - a potion of mutation {unknown}


   Skills:
 * Level 5.2 Fighting
 * Level 6.5 Polearms
 - Level 2.0 Armour
 - Level 5.0 Dodging
 - Level 2.0 Stealth
 - Level 4.0 Spellcasting
 * Level 7.7 Summonings
 * Level 7.3 Air Magic
 * Level 5.9 Invocations


You had 7 spell levels left.
You knew the following spells:

 Your Spells              Type           Power      Damage    Failure   Level
a - Summon Small Mammal   Summ           100%       N/A       1%          1
b - Call Imp              Summ           68%        N/A       1%          2
c - Call Canine Familiar  Summ           34%        N/A       1%          3
d - Summon Lightning Spi  Summ/Air       34%        N/A       7%          4

Your spell library contained the following spells:

 Spells                   Type           Power      Damage    Failure   Level
 Summon Blazeheart Golem  Fire/Summ      19%        N/A       32%         4
 Cause Fear               Hex            2%         N/A       83%         4
 Fireball                 Conj/Fire      2%         3d4       99%         5
 Dragon's Call            Summ           17%        N/A       100%        9


Dungeon Overview and Level Annotations

Branches:
Dungeon (7/15)             Temple (1/1) D:4

Altars:
Dithmenos
Elyvilon
Fedhas
Hepliaklqana
Nemelex Xobeh
Okawaru
Trog
Vehumet
Wu Jian
Xom
Yredelemnul
Zin
The Shining One

Shops:
D:1 [([:

Annotations:
D:3 3 runed translucent doors, NotYourErnst's ghost, amateur DrHW
D:7 Jeremiah; Maggie


Innate Abilities, Weirdness & Mutations

You have a beak for a mouth.
You have claws for feet.
Your magical flight helps you evade attacks. (EV +4)
You can magically evade attacks while moving or waiting.


Message History

Your cerulean imp hits the wight with a -1 spear.
The wight closely misses your cerulean imp.
The wight hits your cerulean imp from afar with a +5 spear!
Your cerulean imp hits the wight but does no damage.
You reach to attack!
You hit the wight.
The wight is almost destroyed.
The wight closely misses your cerulean imp.
The wight hits your cerulean imp from afar with a +5 spear!
Your cerulean imp dies!
Your cerulean imp disappears in a puff of smoke!
You reach to attack!
You completely miss the wight.
The wight is almost destroyed.
You closely miss the wight. You claw the wight, but do no damage.
You peck the wight, but do no damage.
The wight is almost destroyed.
The wight hits you with a +0 flail!
You feel drained. The wight closely misses you.
You are too injured to fight recklessly!
You are too injured to fight recklessly!
You are too injured to fight recklessly!
You puncture the wight!
You destroy the wight!
The wight hits you from afar with a +5 spear!
* * * LOW HITPOINT WARNING * * *
The wight misses you.
Things that are here:
a +0 flail; a +0 robe You barely miss the wight.
You claw the wight. Your peck misses the wight.
The wight is almost destroyed.
The wight misses you.
You barely miss the wight.
The wight is almost destroyed.
The wight misses you.
You closely miss the wight. Your peck misses the wight.
The wight is almost destroyed.
The wight hits you with a +5 spear.
* * * LOW HITPOINT WARNING * * *
You feel drained.
You die...
Your body rises from the dead as a mindless zombie.

#.......... #.####.###.
#.# ## ##.# #. ##..# ##
#. #########...###. z..
##.## #...............
##..#...###.#
#####.Z.###.
.......lz@..# ##Z##
#..#...############.####.
#...#.#.####.............
#.. #...Z.Z.........####.
# ###.#####.####### #.##
#.# ... ..# #### ####


You could see an iguana and a wight.

Vanquished Creatures
  The ghost of mohammadb5305 the Cleaver, a novice MiFi of Ru (D:6)
  Pikel (D:4)
  Prince Ribbit (D:5)
  Eustachio (D:4)
  An ice beast (D:7)
  A sky beast (D:7)
  A black bear (D:6)
  An ogre (D:4)
  2 phantoms (D:5)
  A kobold brigand (D:7)
  2 bullfrogs
  2 scorpions (D:4)
  A wight (D:7)
  A bombardier beetle (D:5)
  2 hounds
  A jelly (D:6)
  A sleepcap (D:7)
  4 iguanas
  Natasha (twice) (D:4)
  2 orc wizards
  An adder (D:5)
  2 white imps (D:6)
  2 ufetubi (D:7)
  3 dart slugs
  8 orcs
  6 ball pythons
  4 endoplasms
  A giant cockroach (D:3)
  11 goblins
  7 hobgoblins
  3 jackals (D:1)
  3 quokkas
  7 bats
  6 frilled lizards
  4 kobolds
  4 rats
101 creatures vanquished.

Vanquished Creatures (collateral kills)
  Edmund (D:6)
  Menkaure (D:7)
  A water moccasin (D:7)
  A black bear (D:5)
  3 ogres
  A lemure (D:4)
  Blork the orc (D:4)
  4 bullfrogs
  A bombardier beetle (D:3)
  4 hounds
  An orc wizard (D:5)
  3 adders
  2 ribbon worms
  9 orcs
  2 bats
  4 endoplasms
  A hobgoblin (D:4)
  2 jackals (D:1)
  5 kobolds
  3 goblins
  A rat (D:6)
51 creatures vanquished.

Vanquished Creatures (others)
  A water moccasin zombie (D:7)
  A black bear zombie (D:6)
  4 bullfrog zombies
  2 hound zombies (D:7)
  An adder zombie (D:6)
  An iguana zombie (D:5)
  2 spectral white imps (D:6)
  A bombardier beetle zombie (D:5)
  5 orc zombies
  A spectral ufetubus (D:7)
19 creatures vanquished.

Grand Total: 171 creatures vanquished

Notes
Turn   | Place    | Note
-------+----------+-------------------------------------------
     0 | D:1      | Amaterasu the Tengu Summoner began the quest for the Orb.
     0 | D:1      | Reached XP level 1. HP: 10/10 MP: 4/4
    23 | D:1      | Found Odubb's Antique Armour Emporium.
    42 | D:1      | Found Qyanysegi's Armour Boutique.
    68 | D:1      | Found Rizar's Weapon Emporium.
    85 | D:1      | Reached XP level 2. HP: 10/16 MP: 3/6
    90 | D:1      | Learned a level 2 spell: Call Imp
   122 | D:1      | Reached skill level 1 in Fighting
   416 | D:1      | Found Ytheh's Book Emporium.
   480 | D:1      | Reached XP level 3. HP: 20/20 MP: 7/7
   564 | D:1      | Reached skill level 1 in Armour
   692 | D:1      | Learned a level 3 spell: Call Canine Familiar
   752 | D:2      | Reached skill level 5 in Summonings
  1932 | D:2      | Reached XP level 4. HP: 26/26 MP: 5/8
  2135 | D:3      | Found a runed translucent gate.
  2135 | D:3      | Found a runed translucent gate.
  2135 | D:3      | Noticed an ice beast
  2136 | D:3      | Found a runed translucent gate.
  2138 | D:3      | Noticed NotYourErnst's ghost (amateur DrHW)
  2413 | D:3      | Found a glowing silver altar of Zin.
  2609 | D:3      | Reached XP level 5. HP: 30/30 MP: 4/9
  2918 | D:4      | Reached skill level 1 in Polearms
  2975 | D:4      | Found a blossoming altar of Fedhas.
  3012 | D:4      | Noticed an ogre
  3023 | D:4      | Killed an ogre
  3024 | D:4      | Reached XP level 6. HP: 33/36 MP: 10/10
  3359 | D:4      | Noticed Pikel
  3395 | D:4      | Killed Pikel
  3396 | D:4      | Gained mutation: Your magical flight helps you evade
                  | attacks. (EV +4) [Tengu growth]
  3396 | D:4      | Reached XP level 7. HP: 26/44 MP: 4/11
  3401 | D:4      | Learned a level 4 spell: Summon Lightning Spire
  3693 | D:4      | Reached XP level 8. HP: 48/48 MP: 7/13
  3937 | D:4      | Noticed Eustachio
  3986 | D:4      | Killed Eustachio
  3987 | D:4      | Reached skill level 5 in Fighting
  3987 | D:4      | Reached skill level 1 in Air Magic
  4068 | D:4      | Noticed Blork the orc
  4069 | D:4      | Noticed Natasha
  4073 | D:4      | Killed Natasha
  4078 | D:4      | Killed Blork the orc
  4086 | D:4      | Found a staircase to the Ecumenical Temple.
  4095 | Temple   | Entered the Ecumenical Temple
  4108 | Temple   | Became a worshipper of Yredelemnul the Dark
  4161 | D:4      | Noticed Natasha
  4169 | D:4      | Killed Natasha
  4173 | D:5      | Entered Level 5 of the Dungeon
  4405 | D:5      | Noticed Prince Ribbit
  4409 | D:5      | Reached * piety under Yredelemnul
  4410 | D:5      | Reached skill level 1 in Invocations
  4459 | D:5      | Killed Prince Ribbit
  4460 | D:5      | Reached XP level 9. HP: 28/54 MP: 5/16
  4609 | D:6      | Found a glowing golden altar of the Shining One.
  4791 | D:6      | Reached skill level 5 in Air Magic
  4841 | D:6      | Noticed Edmund
  4856 | D:6      | Killed Edmund
  4866 | D:6      | Found a runed translucent door.
  4902 | D:6      | Noticed mohammadb5305's ghost (novice MiFi)
  4932 | D:6      | Killed mohammadb5305's ghost
  4933 | D:6      | Reached skill level 5 in Dodging
  4933 | D:6      | Reached skill level 5 in Invocations
  4943 | D:6      | Found a runed translucent door.
  5388 | D:7      | Found a sparkling altar of Nemelex Xobeh.
  5388 | D:7      | Noticed Jeremiah
  5566 | D:7      | Reached XP level 10. HP: 52/59 MP: 17/17
  5767 | D:7      | Noticed Menkaure
  5780 | D:7      | Killed Menkaure
  5860 | D:7      | Noticed Maggie
  6039 | D:7      | HP: 1/56 [wight/+5 spear (6)]
  6039 | D:7      | Slain by a wight

Illustrated notes

Levels and vault maps discovered:
D:1:      lightli_arrival_boilingwater, layout_basic, serial_shops,
          nicolae_shop_tiny_glass, shop, shop, nicolae_shop_tiny_glass
D:2:      layout_basic
D:3:      layout_loops_ring, mainiacjoe_overflow_alcove_1,
          gammafunk_ghost_split, wad_floor_pattern_untrapped,
          minmay_misc_feat_iff, kennysheep_generic_room_4
D:4:      layout_loops_ring, fedhas_altar_3, temple_hall,
          corexii_item_surrounded_by_moat, chequers_serial_rivers_large_a,
          minmay_ogre_servants, uniq_natasha, uniq_eustachio, uniq_pikel,
          uniq_blork_the_orc
D:5:      layout_layer_cave, uniq_prince_ribbit1
D:6:      minmay_inner_zag, layout_layer_cave, nicolae_tso_swordbearing_angel,
          ebering_ghost_sewer_f, uniq_edmund
D:7:      layout_loops_ring, nicolae_overflow_hidden_temple,
          overflow_temple_1_default, gammafunk_temple_overflow_elements,
          uniq_maggie, uniq_menkaure, uniq_jeremiah
Temple:   nicolae_temple_cloud_nine

Skill      XL: |  1  2  3  4  5  6  7  8  9 |
---------------+----------------------------+-----
Fighting       | 1 2 4 5 |  5.2
Armour         | 1 2 |  2.0
Summonings     | 5 6 7 |  7.7
Polearms       | 3 6 |  6.5
Spellcasting   | 4 |  4.0
Air Magic      | 3 7 |  7.3
Invocations    | 2 5 |  5.9
Dodging        | 3 5 |  5.0
Stealth        | |  2.0

Action                     |  1- 3 |  4- 6 |  7- 9 | 10-12 || total
---------------------------+-------+-------+-------+-------++-------
  Melee: Unarmed           |    22 |       |       |       ||    22
         Kick              |    15 |    16 |    41 |     6 ||    78
         Peck              |     4 |     5 |    16 |     4 ||    29
         Dagger            |    45 |     9 |       |       ||    54
         Trident           |       |    85 |   175 |    58 ||   318
         Punch             |       |       |     2 |       ||     2
   Cast: Summon Small Mamm |    18 |     2 |     6 |       ||    26
         Call Imp          |     3 |     6 |    17 |     6 ||    32
         Call Canine Famil |       |     9 |    21 |     6 ||    36
 Invoke: Recall Undead Har |       |       |     2 |     1 ||     3
    Use: Scroll            |     2 |     3 |     3 |     1 ||     9
         Potion            |       |       |       |     1 ||     1
   Stab: Sleeping          |     3 |     4 |     2 |       ||     9
         Distracted        |       |     3 |     2 |     2 ||     7
 Armour: Robe              |    10 |       |       |       ||    10
         Leather armour    |    15 |    28 |    45 |    14 ||   102
  Dodge: Dodged            |    50 |    38 |    78 |    20 ||   186
